 Dungeon Crawl Stone Soup version 0.31-a0-1338-gb567cfdca4 (webtiles) character file.

Game seed: 4252538321671623470

11 Sabo the Trooper (level 2, 24/24 HPs)
             Began as a Demonspawn Monk on Dec 21, 2023.
             Got out of the dungeon alive.
             The game lasted 00:03:03 (534 turns).

Sabo the Trooper (Demonspawn Monk)                   Turns: 534, Time: 00:03:04

Health: 24/24      AC:  3    Str: 11    XL:     2   Next: 13%
Magic:  2/2        EV: 12    Int: 10    God:
Gold:   14         SH:  0    Dex: 15    Spells: 1/1 levels left

rFire   . . .        a - +0 hand axe
rCold   . . .        d - orb {light}
rNeg    . . .        i - +0 leather armour
rPois   .            (no helmet)
rElec   .            (no cloak)
rCorr   .            (no gloves)
SInv    +            (no boots)
Will    .....        (no amulet)
Stlth   +            e - ring of see invisible
HPRegen 0.24/turn    (no ring)
MPRegen 0.16/turn

%: no passive effects
@: glowing
A: magic regeneration
a: no special abilities


You escaped.
You visited 1 branch of the dungeon, and saw 1 of its levels.

You collected 14 gold pieces.

Inventory:

Hand Weapons
 a - a +0 hand axe (weapon)
 g - a +0 sling
 j - a +0 short sword of freezing
Armour
 d - an orb of light (worn)
 i - a +0 leather armour (worn)
 m - a +0 ring mail
Jewellery
 e - a ring of see invisible (left hand)
Scrolls
 b - a scroll of enchant weapon {unknown}
 k - a scroll of noise {unknown}
Potions
 c - a potion of ambrosia
 f - 2 potions of cancellation {unknown}
 h - 3 potions of heal wounds {unknown}
 l - 2 potions of curing {unknown}


   Skills:
 + Level 3.2 Fighting
 + Level 2.9 Axes
 + Level 2.8 Dodging


You had one spell level left.
You didn't know any spells.
Your spell library was empty.

Dungeon Overview and Level Annotations

Branches:
Dungeon (1/15)

Altars:


Innate Abilities, Weirdness & Mutations

You regenerate magic rapidly.


Message History

The giant cockroach bites you but does no damage.
You hit the goblin.
You kill the goblin!
You hit the kobold but do no damage. You barely miss the giant cockroach.
The giant cockroach bites you but does no damage.
The kobold hits you with a +0 whip. The giant cockroach barely misses you.
The kobold hits you with a +0 whip.
You have reached level 2!
Your demonic ancestry asserts itself...
Your magic begins to regenerate rapidly.
You hit the giant cockroach but do no damage.
The giant cockroach is almost dead.
You hit the kobold. The giant cockroach closely misses you.
The kobold closely misses you.
You hit the giant cockroach.
You kill the giant cockroach!
You hit the kobold but do no damage. The kobold hits you with a +0 whip.
You barely miss the kobold.
The kobold is heavily wounded.
The kobold hits you with a +0 whip.
You closely miss the kobold.
The kobold is heavily wounded.
The kobold hits you with a +0 whip.
* * * LOW HITPOINT WARNING * * *
You hit the kobold but do no damage.
The kobold is heavily wounded.
The kobold hits you but does no damage.
You hit the kobold.
You kill the kobold!
You see here a +0 whip.
You start resting.
HP restored.
Things that are here:
a +0 dagger; a giant cockroach corpse You see here a +0 ring mail.
m - a +0 ring mail
h - 3 metallic cyan potions (gained 2)
There is a staircase leading out of the dungeon here.
You can't go down here!
You have escaped!

#.#.~~~~.~~~~.........###
#.#.~~~~.~~~~.........#
...≈~~~.≈~~≈.[.#...#.#
#..~~~~.~~~≈..)##.##.#
#..~≈≈~.~≈≈~......##.#
#..~~≈~.≈≈≈~..######.#
##.P~~...~~P..# #.#
#............# #.#
#.....@......# #.#
#...........#######.#
#.P~~...≈~P.........#
#.~~≈~.~~≈~.#########
##.~~≈~.~≈≈~.#
##..≈~~~.~~~~.# ##
#...~~~~.~~~≈.# ##.#
#.#.~~~~.≈~~~.# ##...#
######...~~~~.~~~~.#
##.....##


There were no monsters in sight!

Vanquished Creatures
  A ball python (D:1)
  3 giant cockroaches (D:1)
  2 goblins (D:1)
  2 kobolds (D:1)
8 creatures vanquished.

Notes
Turn   | Place    | Note
-------+----------+-------------------------------------------
     0 | D:1      | Sabo the Demonspawn Monk began the quest for the Orb.
     0 | D:1      | Reached XP level 1. HP: 18/18 MP: 1/1
   414 | D:1      | Gained mutation: You regenerate magic rapidly. [demonic
                  | ancestry]
   414 | D:1      | Reached XP level 2. HP: 15/24 MP: 2/2
   534 | D:$      | Got out of the dungeon alive.

Illustrated notes

Levels and vault maps discovered:
D:1:      giann_bridges, layout_loops_ring, nicolae_the_louvre

Action                     || total
---------------------------++-------
  Melee: Hand axe          ||    21
 Armour: Leather armour    ||    14
         Robe              ||     1
  Dodge: Dodged            ||    20

Table legend: (Time is in decaauts)
 A = Elapsed time spent in this place.
 B = Non-inter-level travel time spent in this place.
 C = Inter-level travel time spent in this place.
 D = Time resting spent in this place.
 E = Time spent auto-exploring this place.
 F = Levels seen in this place.
 G = Mean time per level.
                   A        B        C        D        E       F      G
               +--------+--------+--------+--------+--------+-----+--------+
         Total |    537 |    537 |      0 |     72 |      0 |   1 |  537.0 |
       Dungeon |    537 |    537 |      0 |     72 |      0 |   1 |  537.0 |
               +--------+--------+--------+--------+--------+-----+--------+

Top non-repeatable levels by time:
     D:1: 537 daAuts
